Map: Overgrown Facility

Players

Yata - Winner!

  • Race: Zerg Zerg
  • League: Silver
  • Spawn Location: 3:00

Myhome - Winner!

  • Race: Terran Terran
  • League: Diamond
  • Spawn Location: 1:00

Eric

  • Race: Protoss Protoss
  • League: Silver
  • Spawn Location: 9:00

Nayro

  • Race: Terran Terran
  • League: Gold
  • Spawn Location: 7:00

VOD

Have the link to the VOD?

Description

Time

  • Played on: Aug. 27, 2017, 9:49 p.m.
  • Length: 19:45
Show
View Real Time Build Order
Export as new Build Order

Yata Zerg - Winner!

Build Orders: Pool First 

Get SALT Encoding   

  12  0:01  Drone  
  13  0:09  Drone  
  14  0:17  Overlord  
  14  0:35  Spawning Pool  
  13  0:37  Drone  
  13  0:41  Drone  
  15  0:46  Drone  
  16  0:51  Drone  
  17  1:13  Hatchery  
  17  1:17  Extractor, Drone  
  16  1:21  Drone  
  17  1:31  Queen  
  19  1:37  Drone  
  20  1:40  Drone  
  21  1:52  Zergling x2  
  22  2:08  Overlord x2  
  22  2:29  Queen  
  24  2:31  Drone x3  
  27  2:53  Zergling x8  
  27  2:54  Zergling x4  
  33  2:59  Metabolic Boost  
  33  3:15  Roach Warren  
  32  3:26  Drone x4  
  36  3:37  Overlord x4  
  34  3:57  Zergling x8  
  34  3:58  Zergling x8  
  42  4:08  Zergling x4  
  40  4:21  Zergling x4  
  40  4:22  Zergling x8  
  45  4:28  Roach  
  44  4:47  Roach x6  
  44  4:50  Lair  
  56  4:57  Evolution Chamber  
  54  5:19  Roach x3  
  54  5:20  Roach x2  
  64  5:28  Drone x3  
  66  5:55  Roach  
  68  6:11  Extractor  
  67  6:16  Drone  
  68  6:19  Hatchery  
  54  6:51  Roach  
  54  6:52  Roach x4  
  63  7:20  Roach  
  63  7:21  Roach  
  67  7:25  Glial Reconstitution  
  67  7:34  Queen  
  69  7:46  Drone  
  69  7:47  Drone x4  
  69  7:48  Extractor  
  69  7:49  Extractor  
  72  7:54  Overlord, Drone x2  
  74  8:02  Overlord  
  74  8:03  Overlord x4  
  74  8:12  Queen x2  
  74  8:24  Roach x7  
  82  8:40  Roach x4  
  86  8:47  Roach, Queen  
  86  8:48  Roach  
  72  8:58  Roach  
  72  8:59  Roach x3  
  70  9:16  Drone  
  72  9:17  Drone x6  
  72  9:23  Queen  
  79  9:32  Ravager x2  
  79  9:33  Ravager  
  79  9:34  Roach  
  79  9:35  Roach  
  70  9:46  Roach x2, Zergling x2  
  70  9:47  Roach  
  70  9:50  Roach  
  79  9:56  Overlord x2  
  79  9:57  Overlord  
  64  10:08  Zergling x2  
  64  10:09  Zergling x12  
  64  10:10  Zergling x2  
  62  10:25  Extractor  
  62  10:26  Extractor  
  54  10:50  Zergling x2  
  54  10:51  Zergling x36  
  73  11:13  Zergling x20  
  76  11:26  Zergling x2  
  76  11:27  Zergling x8  
  75  11:33  Zergling x2  
  75  11:34  Zergling x2  
  70  11:47  Zerg Melee Weapons Level 1  
  64  12:08  Zergling x24  
  74  12:32  Zergling x2  
  74  12:33  Zergling x18  
  79  12:49  Zergling x2  
  79  12:50  Zergling x12  
  77  12:54  Zergling x2  
  77  12:55  Zergling x2  
  70  13:08  Roach  
  70  13:09  Roach x2  
  74  13:16  Queen  
  76  13:21  Drone x3  
  76  13:24  Drone  
  80  13:45  Roach  
  80  13:46  Roach x4  
  90  13:58  Lair  
  90  14:14  Hydralisk Den  
  90  14:16  Drone x6  
  90  14:17  Drone  
  96  14:23  Roach  
  96  14:47  Drone x5  
  96  14:48  Drone x3  
  99  14:59  Infestation Pit  
  93  15:10  Hatchery  
  92  15:17  Zergling x2  
  92  15:18  Zergling x8  
  89  15:36  Hive  
  89  16:01  Hydralisk x4  
  97  16:14  Spore Crawler  
  97  16:17  Spore Crawler  
  97  16:18  Spore Crawler  
  94  16:19  Hydralisk  
  94  16:20  Hydralisk  
  98  16:32  Hydralisk  
  98  16:33  Hydralisk x2  
  98  16:36  Overlord x5  
  98  16:37  Overlord  
  104  16:41  Spire  
  103  16:57  Hydralisk x6  
  109  17:21  Hydralisk  
  109  17:22  Hydralisk x5  
  113  17:41  Hydralisk  
  113  17:42  Hydralisk x4  
  99  17:51  Hydralisk  
  99  18:09  Drone x3  
  99  18:10  Drone x3  
  105  18:22  Drone x2  
  105  18:23  Drone  
  108  18:39  Drone x2  
  108  18:40  Drone x3  
  113  18:43  Drone  
  108  19:03  Hydralisk x4  
  116  19:17  Hydralisk x2  
Show
View Real Time Build Order
Export as new Build Order

Myhome Terran - Winner!

Build Orders: MMM Bio 

Get SALT Encoding   

  12  0:01  SCV  
  13  0:13  SCV  
  14  0:18  Supply Depot  
  14  0:25  SCV  
  15  0:40  SCV  
  15  0:41  Barracks  
  16  0:46  Refinery  
  16  0:52  SCV  
  18  1:04  SCV  
  18  1:16  SCV  
  19  1:28  Orbital Command  
  19  1:29  Supply Depot, Reaper  
  20  1:49  Barracks  
  20  1:54  SCV  
  20  1:55  Engineering Bay  
  21  2:06  Barracks Reactor  
  21  2:14  Refinery  
  21  2:18  SCV  
  22  2:23  Missile Turret  
  22  2:30  SCV  
  22  2:33  Factory  
  23  2:42  SCV  
  24  2:48  Marine x2  
  24  2:49  Barracks Tech Lab  
  26  3:01  Command Center  
  26  3:10  SCV  
  27  3:13  Marine, Stimpack  
  28  3:22  SCV  
  28  3:23  Marine x2  
  31  3:32  Factory Tech Lab  
  31  3:38  Starport  
  31  3:45  Supply Depot  
  31  3:49  Supply Depot  
  31  4:06  SCV, Marine x3  
  35  4:18  SCV  
  35  4:23  Starport Tech Lab  
  35  4:24  Marine x3  
  36  4:25  Siege Tank  
  42  4:39  SCV  
  42  4:40  Orbital Command  
  43  4:48  Marine x3  
  43  4:50  Raven  
  43  4:52  SCV  
  49  4:56  Supply Depot  
  49  5:02  Terran Infantry Weapons Level 1  
  49  5:07  Marine x2  
  49  5:08  Marine  
  49  5:11  SCV x2  
  54  5:18  Siege Tank  
  57  5:23  SCV  
  57  5:24  SCV  
  59  5:28  Supply Depot  
  59  5:33  Supply Depot  
  59  5:34  Marine x2  
  61  5:35  SCV  
  61  5:36  SCV  
  61  5:40  Barracks  
  63  5:46  Marine  
  63  5:48  SCV  
  65  5:52  Siege Tank  
  68  5:57  SCV  
  68  5:58  Marine x2  
  68  6:00  SCV  
  68  6:03  Refinery  
  68  6:04  Refinery, Marine  
  72  6:09  SCV  
  74  6:12  SCV  
  74  6:13  Medivac  
  74  6:15  Marine  
  74  6:16  Marine  
  79  6:45  Marine  
  79  6:46  Marine x2  
  82  6:48  Combat Shields  
  82  6:51  SCV x2  
  84  7:03  Marine  
  84  7:04  Marine  
  84  7:07  Command Center  
  86  7:17  Marine  
  86  7:20  Command Center  
  86  7:21  Marine  
  88  7:24  Barracks x3  
  88  7:27  Supply Depot  
  88  7:28  Terran Infantry Armor Level 1  
  88  7:29  Supply Depot  
  87  7:42  Marine x3  
  77  8:00  Marine x3  
  68  8:11  Barracks Reactor x3  
  68  8:15  Medivac, Siege Tank  
  68  8:18  Marine x3  
  68  8:31  SCV x2  
  68  8:34  Barracks Reactor  
  70  8:36  Marine x3  
  70  8:38  SCV x2  
  75  8:43  SCV  
  75  8:52  Marine x3  
  75  8:53  Marine x3  
  75  8:54  Marine x2  
  68  9:00  Marine  
  69  9:10  Medivac, Marine x4  
  69  9:11  Siege Tank, Marine x2  
  69  9:12  Marine  
  69  9:16  Orbital Command  
  81  9:20  Orbital Command  
  81  9:23  SCV x2  
  83  9:32  Marine x3  
  83  9:33  Marine x8  
  88  9:52  Marine x4  
  90  9:53  Marine x6  
  90  9:54  Marine  
  79  10:10  Marine x5  
  79  10:11  SCV x2, Marine x2  
  79  10:12  SCV  
  85  10:14  Marine  
  85  10:15  Marine x3  
  85  10:20  Siege Tank  
  85  10:21  Medivac  
  90  10:28  Marine  
  90  10:29  Marine  
  90  10:30  Marine x3  
  90  10:32  Marine x2  
  90  10:33  Marine x2  
  89  10:46  Marine  
  89  10:47  Marine x2  
  89  10:48  Marine x2  
  70  10:51  Medivac, Marine x4  
  59  11:03  Marine  
  59  11:05  Marine x3  
  59  11:06  Marine  
  59  11:09  Marine x4  
  50  11:21  Marine  
  50  11:23  Marine x4  
  50  11:27  Marine x2  
  45  11:33  Marine x2  
  45  11:35  SCV x3  
  45  11:39  Marine  
  47  11:41  Marine x4  
  47  11:44  Marine  
  47  11:45  Marine  
  53  11:51  Marine x2  
  52  12:02  Orbital Command  
  52  12:04  Marine  
  52  12:05  Marine x6  
  59  12:08  Marine  
  59  12:12  SCV x3  
  59  12:14  Marine  
  64  12:16  Medivac, Siege Tank  
  64  12:22  Marine x2  
  69  12:23  Marine  
  69  12:26  Armory, SCV x3  
  75  12:34  SCV  
  76  12:37  Marine x4  
  76  12:38  SCV x3, Marine  
  84  12:46  Medivac, SCV  
  87  12:51  Marine  
  87  12:52  Marine x3  
  87  12:55  Marine x2  
  93  13:05  Refinery  
  93  13:06  Refinery  
  93  13:09  Refinery  
  93  13:12  Refinery  
  93  13:16  Medivac  
  95  13:20  Marine x3  
  95  13:21  Marine x6  
  103  13:38  Marine x5  
  103  13:39  Marine x4  
  110  13:46  Medivac  
  112  13:56  Marine x6  
  112  13:57  Marine x2  
  120  14:11  Marine  
  120  14:14  Siege Tank, Marine x4  
  120  14:16  Medivac  
  130  14:23  SCV x2  
  132  14:26  Barracks  
  132  14:27  Supply Depot, Barracks  
  132  14:28  Supply Depot  
  132  14:29  Supply Depot x2  
  132  14:30  Supply Depot  
  132  14:49  Medivac, Marine x9  
  132  14:50  SCV  
  144  15:06  Marine x6  
  146  15:07  Marine  
  151  15:23  Marine x2  
  151  15:24  Marine x3  
  156  15:48  Engineering Bay  
  140  15:50  Marine x3  
  140  15:51  Marine x4  
  140  15:53  Marine  
  140  15:54  Marine  
  144  16:03  Viking  
  139  16:08  Marine x4  
  139  16:09  Marine x3  
  145  16:11  Marine x2  
  146  16:26  Marine x6  
  146  16:27  Marine  
  146  16:29  Marine x2  
  155  16:33  Viking  
  157  16:40  Terran Infantry Weapons Level 2  
  157  16:44  Marine x2  
  69  17:02  Marine x5  
  69  17:03  Viking, Marine x4  
  55  17:20  Marine x6  
  55  17:21  Marine x3  
  63  17:33  Viking  
  65  17:38  Marine x8  
  65  17:39  Marine  
  74  17:53  SCV x4  
  74  17:55  Marine x2  
  74  17:56  Marine x7  
  87  18:05  SCV x3  
  90  18:13  Marine x2  
  90  18:14  Marine x6  
  90  18:17  SCV  
  99  18:26  Marine  
  100  18:30  Viking  
  100  18:31  Marine x4  
  106  18:37  Orbital Command  
  106  18:55  Marine x4  
  107  18:59  Command Center  
  107  19:00  Viking  
  112  19:11  Marine x5  
  112  19:13  Marine  
Show
View Real Time Build Order
Export as new Build Order

Eric Protoss 

Build Orders: 1 Gate Expand, Colossus Rush 

Get SALT Encoding   

  12  0:01  Probe (Chrono Boost)  
  13  0:12  Probe (Chrono Boost)  
  14  0:24  Pylon  
  14  0:26  Probe (Chrono Boost)  
  15  0:43  Probe (Chrono Boost)  
  15  0:44  Gateway  
  15  0:47  Assimilator  
  16  0:53  Probe (Chrono Boost)  
  18  1:04  Probe (Chrono Boost)  
  18  1:14  Probe (Chrono Boost)  
  19  1:25  Probe (Chrono Boost)  
  20  1:31  Cybernetics Core  
  20  1:41  Nexus  
  20  1:49  Pylon, Probe (Chrono Boost)  
  21  1:54  Assimilator  
  21  2:00  Probe (Chrono Boost)  
  22  2:10  Stalker (Chrono Boost), Probe (Chrono Boost)  
  25  2:22  Mothership Core  
  27  2:27  Warp Gate (Chrono Boost)  
  27  2:32  Gateway  
  27  2:43  Probe  
  27  2:54  Robotics Facility  
  27  2:56  Adept (Chrono Boost)  
  29  3:06  Pylon  
  29  3:10  Probe  
  30  3:13  Probe  
  30  3:19  Forge  
  31  3:25  Adept  
  33  3:27  Probe  
  33  3:31  Probe  
  35  3:39  Adept  
  37  3:41  Probe  
  37  3:42  Observer  
  37  3:46  Probe  
  40  4:01  Photon Cannon  
  40  4:05  Photon Cannon  
  40  4:30  Probe  
  40  4:33  Probe  
  40  4:36  Robotics Bay  
  42  4:39  Gateway  
  42  4:41  Twilight Council, Probe  
  43  4:49  Probe  
  43  4:50  Adept  
  43  4:51  Adept, Probe  
  49  5:01  Assimilator, Probe  
  49  5:02  Probe  
  49  5:05  Assimilator  
  51  5:18  Zealot  
  51  5:19  Robotics Facility  
  53  5:21  Pylon  
  53  5:23  Pylon  
  53  5:24  Pylon x2  
  53  5:27  Pylon  
  53  5:36  Extended Thermal Lance  
  53  5:38  Colossus  
  53  5:39  Pylon  
  59  5:57  Protoss Ground Weapons Level 1  
  59  6:00  Robotics Facility  
  59  6:01  Robotics Facility  
  59  6:03  Gateway  
  59  6:08  Gateway  
  59  6:13  Colossus  
  59  6:14  Gateway  
  65  6:21  Pylon  
  65  6:22  Pylon  
  65  6:26  Pylon  
  65  6:28  Charge  
  62  6:43  Colossus  
  62  6:47  Colossus  
  68  6:54  Zealot x3  
  68  6:58  Colossus  
  80  7:02  Zealot  
  82  7:12  Forge  
  82  7:16  Zealot x2  
  82  7:17  Zealot x3  
  92  7:27  Stalker  
  82  7:39  Mothership Core  
  82  7:41  Colossus  
  82  7:42  Colossus  
  95  7:47  Zealot x4  
  95  8:05  Stalker x2  
  95  8:17  Probe  
  94  8:29  Probe  
  95  8:35  Stalker  
  95  8:36  Stalker x4  
  95  8:37  Stalker  
  103  8:41  Probe  
  80  9:07  Zealot x4  
  80  9:08  Zealot x2  
  92  9:27  Stalker  
  92  9:28  Stalker x3  
  100  9:43  Pylon  
  92  10:02  Stalker  
  92  10:03  Stalker x5  
  88  10:32  Stalker  
  88  10:33  Stalker x5  
  74  10:57  Adept x3  
  74  10:58  Adept x3  
  80  11:21  Adept  
  80  11:22  Adept x4  
  80  11:23  Adept  
  43  12:07  Colossus x3  
  59  12:09  Zealot x2  
  59  12:10  Zealot x4  
  71  12:18  Protoss Ground Weapons Level 2  
  71  12:19  Protoss Ground Armor Level 1  
  71  12:24  Stargate  
  71  12:26  Stargate  
  71  12:38  Adept x2  
  71  12:39  Adept x3  
  71  12:40  Adept  
  65  13:00  Colossus  
  65  13:05  Colossus x2  
  71  13:07  Stargate  
  83  13:13  Stalker x2  
  83  13:14  Stalker x4  
  77  13:54  Colossus  
  83  14:21  Oracle x2  
  83  14:22  Oracle  
  92  14:38  Adept x4  
  100  14:57  Oracle x2  
  100  14:58  Oracle  
  109  15:08  Nexus  
  108  15:46  Stalker x5  
  108  15:47  Stalker  
  117  16:27  Stalker x4  
  125  16:42  Nexus  
  81  17:21  Colossus x3  
  51  17:44  Adept  
  51  17:45  Adept x5  
  60  18:07  Stalker x3  
  60  18:08  Stalker  
  68  18:38  Colossus  
Show
View Real Time Build Order
Export as new Build Order

Nayro Terran 

Build Orders:  

Get SALT Encoding   

  12  0:01  SCV  
  13  0:13  SCV  
  14  0:21  Supply Depot  
  14  0:25  SCV  
  15  0:36  Refinery  
  15  0:49  Barracks  
  15  0:56  SCV  
  16  0:57  Supply Depot  
  16  1:08  SCV  
  17  1:20  Barracks, SCV  
  18  1:33  SCV  
  20  1:40  Reaper  
  20  1:45  SCV  
  21  1:52  Refinery  
  21  1:57  SCV  
  21  1:58  Barracks  
  22  2:08  Reaper  
  23  2:14  Supply Depot  
  23  2:31  Reaper  
  24  2:41  Reaper  
  25  3:18  Reaper x2  
  27  3:23  Reaper  
  28  3:50  Reaper x2  
  30  4:09  Reaper  
  26  4:30  Reaper x2  
  28  4:41  Reaper  
  29  5:02  Reaper x2  
  22  5:27  Marine  
  23  5:45  Marine  
  20  5:57  Command Center  
  20  6:02  Marine  
  21  6:20  Marine  
  22  7:11  Refinery  
  22  7:37  Refinery  
  20  9:19  SCV  
  20  9:20  SCV  
  22  9:31  SCV  
  23  9:32  SCV  
  24  9:43  SCV  
  24  9:45  SCV  
  26  9:55  SCV  
  26  9:57  SCV  
  28  10:07  SCV  
  28  10:09  SCV  
  30  12:25  SCV  
  31  12:37  SCV  
  31  12:49  SCV  
  20  13:01  SCV  
  21  13:13  SCV  
  15  14:14  SCV  
  16  14:27  SCV  
  17  14:39  SCV  
Tags
 
Add a new tag
Caveats
  • Supply blocks, unpowered buildings, or Contaminate may cause inaccurate times.
  • Supply counts are checked every 10 seconds.